 Dungeon Crawl Stone Soup version 0.21.1-1-g345015fe64 (webtiles) character file.

84 Fibo the Skirmisher (level 4, -2/37 HPs)
             Began as a Demonspawn Fighter on May 3, 2018.
             Killed from afar by an orc wizard (7 damage)
             ... with a magic dart
             ... on level 3 of the Dungeon.
             The game lasted 00:08:39 (2588 turns).

Fibo the Skirmisher (Demonspawn Fighter)            Turns: 2588, Time: 00:08:40

Health: -2/37      AC:  7    Str: 17    XL:     4   Next: 23%
Magic:  4/4        EV:  7    Int:  9    God:
Gold:   193        SH:  9    Dex: 13    Spells: 3/3 levels left

rFire    . . .     SeeInvis .   a - +0 flail
rCold    + . .     Gourm    .   c - +0 shield
rNeg     . . .     Faith    .   y - +1 ring mail {rC+}
rPois    .         Spirit   .   (no helmet)
rElec    .         Reflect  .   (no cloak)
rCorr    .         Harm     .   z - +0 pair of gloves
MR       .....                  (no boots)
Stlth    +.........             (no amulet)
HPRegen  0.12/turn              (no ring)
MPRegen  0.09/turn              (no ring)

@: no status effects
A: powered by death 1
a: no special abilities


You were on level 3 of the Dungeon.
You were not hungry.

You visited 1 branch of the dungeon, and saw 3 of its levels.

You collected 193 gold pieces.

Inventory:

Hand Weapons
 a - a +0 flail (weapon)
 i - a +0 hand axe
 j - a +0 club
 A - a +0 falchion
 C - a +0 hunting sling
Missiles
 g - 115 stones (quivered)
 v - 20 bolts
Armour
 b - a +0 scale mail
 c - a +0 shield (worn)
 m - a +0 scale mail
 q - a +0 ring mail
 r - a +0 plate armour
 s - a +0 robe
 u - a +0 chain mail
 y - a +1 ring mail of cold resistance (worn)
 z - a +0 pair of gloves (worn)
Wands
 o - a wand of paralysis (18)
Scrolls
 h - 2 scrolls of blinking {unknown}
 k - a scroll of fog {unknown}
 l - a scroll of magic mapping {unknown}
 n - a scroll of teleportation {unknown}
 p - a scroll of enchant armour {unknown}
 w - a scroll of identify {unknown}
 x - a scroll of immolation {unknown}
 B - a scroll of fear {unknown}
Potions
 d - a potion of might
 e - 2 potions of flight {unknown}
 t - a potion of magic {unknown}
Comestibles
 f - 6 rations


   Skills:
 + Level 4.1 Fighting
 + Level 3.0 Maces & Flails
 - Level 2.8 Armour
 - Level 2.8 Shields


You had 3 spell levels left.
You didn't know any spells.

Dungeon Overview and Level Annotations

Branches:
Dungeon (3/15)

Altars:
Zin


Innate Abilities, Weirdness & Mutations

You regenerate a little health from kills.


Message History

* * * LOW HITPOINT WARNING * * *
You block the orc's attack.
The orc wizard hits you but does no damage.
Your shield prevents you from hitting the orc wizard.
The orc wizard is heavily wounded.
The orc wizard mumbles some strange words.
The orc wizard blinks!
You block the orc's attack. The orc hits you with a club.
* * * LOW HITPOINT WARNING * * *
You closely miss the orc wizard.
The orc wizard is heavily wounded.
The orc wizard completely misses you. The orc hits you with a club.
* * * LOW HITPOINT WARNING * * *
The orc wizard hits you but does no damage.
You closely miss the orc wizard.
The orc wizard is heavily wounded.
The orc wizard closely misses you. You block the orc's attack.
The orc wizard points at you and mumbles some strange words.
The magic dart hits you!
You die...

##.....##
##.####
##.(.##
#.# ##'##
#.# #.#
#.# #)#
## #.#
##.## ..
..#
##...#.#
###
#..o...#
##.@o#.#
##.##.#
#.# # ...
#.# #.#
#.# #.#


You could see an orc wizard and an orc.

Vanquished Creatures
  An ooze (D:1)
  A worm (D:2)
  2 dart slugs
  A leopard gecko (D:1)
  9 orcs (D:3)
  6 giant cockroaches
  7 goblins
  7 hobgoblins
  2 jackals (D:1)
  A ball python (D:1)
  8 bats
  7 kobolds
  2 rats (D:1)
54 creatures vanquished.

Notes
Turn   | Place    | Note
-------+----------+-------------------------------------------
     0 | D:1      | Fibo the Demonspawn Fighter began the quest for the Orb.
     0 | D:1      | Reached XP level 1. HP: 18/18 MP: 1/1
   169 | D:1      | Gained mutation: You regenerate a little health from kills. [demonic ancestry]
   169 | D:1      | Reached XP level 2. HP: 3/24 MP: 2/2
   834 | D:1      | Reached XP level 3. HP: 29/29 MP: 3/3
  1421 | D:2      | Found a glowing silver altar of Zin.
  2261 | D:3      | Reached XP level 4. HP: 20/37 MP: 4/4
  2265 | D:3      | Reached skill level 4 in Fighting
  2588 | D:3      | Killed from afar by an orc wizard

Skill      XL: |  1  2  3  4 |
---------------+-------------+-----
Maces & Flails | 2 3 |  3.0
Fighting       | 4 |  4.1
Armour         | |  2.8
Shields        | |  2.8

Action                   |  1- 3 |  4- 6 || total
-------------------------+-------+-------++-------
Melee: Flail             |   191 |    52 ||   243
  Eat: Chunk             |     4 |     2 ||     6
Armor: Scale mail        |    81 |       ||    81
       Plate armour      |   116 |     4 ||   120
       Ring mail         |       |    22 ||    22
Dodge: Dodged            |    58 |    10 ||    68
Block: Shield            |   145 |    31 ||   176
